Map: Thunderbird LE

Players

Bunny

  • Race: Terran Terran
  • Spawn Location: 5:00

Zanster - Winner!

  • Race: Zerg Zerg
  • Spawn Location: 11:00

Event: HomeStory Cup XX

VOD

Have the link to the VOD?

Description

Time

  • Played on: Nov. 22, 2019, 7:09 a.m.
  • Length: 8:02

All games in this series

Show
View Real Time Build Order
Export as new Build Order

Bunny Terran 

Build Orders: Reaper Expand 

Get SALT Encoding   

  12  0:00  SCV  
  13  0:12  SCV  
  14  0:16  Supply Depot  
  14  0:24  SCV  
  15  0:38  SCV  
  15  0:39  Barracks  
  16  0:43  Refinery  
  16  0:50  SCV  
  17  1:02  SCV  
  18  1:14  SCV  
  19  1:29  Orbital Command, Reaper  
  20  1:38  Command Center  
  20  1:50  Supply Depot  
  20  1:54  SCV  
  20  2:01  Marine  
  22  2:07  SCV  
  23  2:08  Factory  
  23  2:19  SCV  
  23  2:21  Barracks Reactor  
  24  2:31  SCV  
  25  2:39  Command Center  
  25  2:43  SCV  
  26  2:51  Orbital Command  
  26  2:55  SCV  
  26  2:58  Refinery  
  27  3:01  Starport  
  27  3:07  SCV  
  27  3:11  Hellion  
  30  3:13  Hellion  
  30  3:16  SCV  
  30  3:19  Marine, SCV  
  35  3:28  SCV  
  35  3:31  SCV  
  35  3:32  Hellion  
  39  3:35  Hellion  
  39  3:41  SCV  
  42  3:43  SCV  
  42  3:44  Fusion Core  
  43  3:52  Starport Tech Lab, Orbital Command  
  43  3:56  Supply Depot  
  43  3:57  SCV x2  
  43  4:01  Hellion  
  43  4:02  Hellion  
  49  4:09  SCV x2  
  51  4:19  SCV  
  51  4:20  Refinery  
  51  4:21  Refinery, SCV  
  51  4:22  Supply Depot, SCV  
  54  4:30  Orbital Command  
  54  4:34  SCV x2  
  56  4:39  Battlecruiser  
  56  4:43  Hellion x2  
  56  4:44  Supply Depot  
  66  4:47  SCV x2  
  68  4:59  SCV x2  
  70  5:01  Weapon Refit  
  70  5:03  SCV  
  71  5:11  SCV x2  
  71  5:12  Supply Depot  
  71  5:13  Hellion x2  
  77  5:15  SCV  
  78  5:23  SCV x2  
  78  5:25  Armory  
  78  5:27  SCV  
  81  5:35  SCV x2  
  82  5:39  SCV  
  84  5:44  Battlecruiser  
  84  5:45  Orbital Command  
  89  5:56  Hellion x2  
  93  6:05  Supply Depot  
  93  6:06  Supply Depot  
  93  6:08  Supply Depot  
  93  6:14  Supply Depot  
  93  6:15  SCV x2  
  81  6:28  Hellion x2  
  73  6:50  Hellion x2  
  55  7:01  SCV x2  
  47  7:11  Hellbat x2  
Show
View Real Time Build Order
Export as new Build Order

Zanster Zerg - Winner!

Build Orders: Hatch First, Roach Nydus 

Get SALT Encoding   

  12  0:00  Drone  
  13  0:12  Overlord  
  13  0:17  Drone  
  14  0:31  Drone x2  
  16  0:48  Hatchery  
  15  0:51  Drone  
  15  0:54  Drone  
  17  0:57  Drone  
  18  1:08  Extractor  
  17  1:13  Spawning Pool  
  17  1:16  Drone  
  17  1:19  Drone  
  18  1:28  Drone  
  19  1:39  Drone  
  20  1:50  Drone  
  21  2:00  Queen x2  
  21  2:01  Zergling x4  
  27  2:14  Hatchery  
  26  2:18  Drone  
  26  2:22  Overlord  
  27  2:25  Drone  
  28  2:36  Metabolic Boost  
  27  2:40  Queen  
  27  2:42  Drone  
  30  2:45  Drone  
  30  2:46  Drone  
  32  2:51  Drone  
  32  2:53  Overlord  
  33  2:58  Drone x2  
  35  3:07  Overlord  
  35  3:12  Drone x2  
  37  3:13  Drone x2  
  37  3:18  Queen  
  41  3:20  Drone  
  41  3:24  Drone  
  43  3:27  Queen  
  43  3:31  Drone  
  46  3:37  Zergling x2  
  46  3:38  Zergling x2  
  46  3:40  Lair  
  46  3:41  Drone  
  49  3:42  Drone  
  49  3:45  Overlord  
  49  3:47  Drone  
  51  3:48  Drone  
  51  3:50  Drone  
  51  3:52  Drone  
  51  3:53  Drone  
  51  3:55  Drone  
  56  3:57  Drone  
  56  4:02  Overlord  
  57  4:04  Extractor  
  57  4:05  Extractor  
  57  4:06  Drone x2  
  57  4:11  Roach Warren  
  57  4:14  Drone  
  57  4:15  Drone x3  
  60  4:18  Overlord  
  60  4:27  Overlord  
  60  4:29  Queen  
  62  4:36  Overlord x2  
  62  4:41  Nydus Network  
  61  4:51  Roach x6  
  73  4:54  Overlord  
  73  4:57  Roach x2  
  77  5:01  Queen  
  77  5:05  Roach x2  
  83  5:11  Roach x2  
  87  5:16  Zergling x8  
  87  5:20  Nydus Canal  
  91  5:22  Overlord  
  91  5:26  Roach x2  
  91  5:28  Zergling x6  
  98  5:36  Nydus Canal  
  98  5:37  Zergling x2, Roach  
  98  5:38  Zergling x2  
  98  5:41  Roach  
  104  5:44  Roach  
  104  5:48  Roach  
  106  5:53  Queen  
  106  5:56  Zergling x2, Roach  
  110  6:01  Nydus Canal  
  110  6:05  Queen x2  
  110  6:08  Roach  
  110  6:09  Zergling x2, Roach  
  119  6:16  Nydus Canal  
  119  6:18  Overlord  
  116  6:26  Zergling x2, Roach x2  
  116  6:27  Zergling x6  
  121  6:33  Queen  
  120  6:41  Queen  
  120  6:46  Roach x5  
  127  6:49  Nydus Canal, Queen  
  119  7:01  Roach x5  
  114  7:13  Zergling x8, Roach  
  113  7:16  Nydus Canal  
  113  7:17  Queen x2  
  111  7:25  Queen  
  111  7:28  Zergling x2, Roach x5  
  111  7:41  Roach  
  111  7:42  Roach x3  
Tags
 
Add a new tag
Caveats
  • Supply blocks, unpowered buildings, or Contaminate may cause inaccurate times.
  • Supply counts are checked every 10 seconds.